AoeStats
← skeezerrr

Nomad

508306019Analyzed
4v4 RM · 12d ago on Sep 21, 2026· 50m 40s· 8 players
Game mode
Random Map
Map size
231×231
Population
200
Speed
Normal
Resources
Standard
Victory
Conquest
Starting age
Dark Age
Ending age
Imperial Age
RankedLock teamsTeams togetherTeam positionsShared explorationLock speedFull tech treeHidden civsTurbo modeCheats
Victory
Defeat
🇩🇪 Franks · Germany
1266
+12
🇷🇺 Mapuche · Russia
1201
+15
🇩🇪 Italians · Germany
1147
+17
🇬🇧 Britons · United Kingdom
1146
+18
🇬🇧 Persians · United Kingdom
1224
-17
🇦🇷 Jurchens · Argentina
1182
-16
🇫🇷 Mongols · France
1169
-15
🇬🇧 Vietnamese · United Kingdom
1134
-14
Husain Bolt
8:00 Loom
14:52 Feudal Age
15:21 Double-Bit Axe
19:23 Castle Age
19:08 Gold Mining
20:48 Bloodlines
24:31 Scale Barding Armor
24:37 Forging
26:12 Horse Collar
29:33 Chain Barding Armor
32:06 Heavy Plow
34:11 Fletching
36:22 Wheelbarrow
36:36 Gold Shaft Mining
39:10 Hand Cart
40:38 Hand Cart
42:58 Imperial Age
42:46 Cavalier
49:22 Conscription
skeezerrr
5:04 Loom
13:59 Feudal Age
14:46 Double-Bit Axe
15:40 Wheelbarrow
18:02 Stone Mining
20:53 Castle Age
18:39 Town Watch
19:19 Gold Mining
20:35 Fletching
20:49 Padded Archer Armor
22:09 Crossbowman
25:29 Horse Collar
27:23 Bow Saw
30:09 Bodkin Arrow
30:31 Leather Archer Armor
32:35 Pikeman
33:16 Squires
37:23 Ballistics
44:08 Imperial Age
44:16 Elite Rattan Archer
45:31 Bracer
46:35 Ring Archer Armor
marekh
5:19 Loom
12:50 Feudal Age
18:14 Bloodlines
23:09 Wheelbarrow
25:25 Fletching
31:29 Castle Age
33:28 Elite Skirmisher
39:32 Bodkin Arrow
41:02 Ballistics
42:21 Padded Archer Armor
42:58 Husbandry
BúffaloTincho
4:11 Loom
16:28 Feudal Age
16:54 Double-Bit Axe
18:18 Town Watch
19:12 Wheelbarrow
22:08 Castle Age
20:40 Fletching
21:15 Gold Mining
21:17 Stone Mining
22:00 Scale Barding Armor
22:07 Forging
23:05 Bow Saw
27:00 Chain Barding Armor
30:31 Bloodlines
30:22 Husbandry
31:22 Horse Collar
34:46 Hand Cart
39:27 Imperial Age
39:28 Iron Casting
39:10 Siege Engineers
39:26 Ballistics
39:57 Gold Shaft Mining
39:26 Fortified Bastions
41:30 Chemistry
42:57 Masonry
45:52 Elite Iron Pagoda
11VillagerIdle
3:26 Loom
13:54 Feudal Age
23:54 Castle Age
23:03 Fletching
29:28 Crossbowman
31:59 Gold Mining
32:00 Stone Mining
32:09 Horse Collar
35:29 Wheelbarrow
34:40 Fishing Lines
35:45 Bodkin Arrow
35:51 Padded Archer Armor
36:51 Double-Bit Axe
37:32 Leather Archer Armor
39:10 Gold Shaft Mining
38:37 Heavy Plow
39:42 Ballistics
40:07 Hand Cart
41:42 Masonry
45:20 Imperial Age
43:35 Murder Holes
44:23 Yeomen
45:21 Bow Saw
46:41 Bracer
47:11 Ring Archer Armor
46:49 Gillnets
47:36 Conscription
47:00 Pikeman
47:55 Town Watch
49:22 Gambesons
49:51 Forging
49:41 Scale Mail Armor
49:53 Squires
51:28 Iron Casting
Birkules
4:11 Loom
13:02 Feudal Age
20:08 Castle Age
21:07 Medium Warships
20:39 Fishing Lines
37:14 #83
42:40 Imperial Age
43:11 Cavalier
43:53 Husbandry
44:41 Double-Bit Axe
Clitinho
6:17 Loom
13:44 Feudal Age
14:23 Double-Bit Axe
18:47 Castle Age
16:45 Gold Mining
16:52 Fishing Lines
17:11 Fletching
19:43 Medium Warships
20:00 Bow Saw
22:15 Wheelbarrow
21:25 Town Watch
21:54 Bodkin Arrow
22:54 Gillnets
23:18 Stone Mining
26:26 Hand Cart
28:08 Padded Archer Armor
28:07 Crossbowman
33:11 Imperial Age
32:27 Ballistics
32:12 Siphons
32:18 Careening
32:18 Clinker Construction
33:13 Leather Archer Armor
34:11 Stone Shaft Mining
33:18 Arbalester
34:03 Thumb Ring
34:44 Ring Archer Armor
35:25 Town Patrol
37:04 Bracer
39:54 Two-Man Saw
38:41 Horse Collar
41:23 Heavy Warships
42:36 Caravan
43:06 Coinage
42:46 Guilds
45:07 Conscription
48:04 Pirotechnia
49:36 Elite Skirmisher
Dakt
3:18 Loom
14:21 Feudal Age
14:49 Double-Bit Axe
20:40 Castle Age
19:46 Stone Mining
19:48 Gold Mining
23:40 Bow Saw
27:27 Horse Collar
29:04 Forging
31:24 Heavy Plow
34:03 Wheelbarrow
36:10 Imperial Age
33:39 Fletching
34:02 Malon
35:36 Bodkin Arrow
35:41 Padded Archer Armor
36:04 Ballistics
36:50 Gold Shaft Mining
36:52 Stone Shaft Mining
37:41 Elite Bolas Rider
38:53 Leather Archer Armor
39:40 Chemistry
39:22 Crop Rotation
39:02 Butalmapu
39:18 Conscription
38:20 Elite Skirmisher
42:06 Hand Cart
45:16 Elite Kona
46:10 Siege Engineers
45:49 Treadmill Crane
46:40 Ring Archer Armor
47:22 Town Watch
48:08 Town Patrol
Connection lost

Rejoining the realm…

Still unreachable

The connection could not be restored.

Session expired

The server has moved on; the page needs a fresh start.